Description

One Base Double Drop With Stim.

4 Personal use, if you use it/improve it please do so. Good Luck on Ladder.

Replay - A.I. 1 (Very Easy) v HiotOfC - Newkirk Precinct TE (Void)

Build Order

Get SALT Encoding   

  12  0:00  SCV  
  13  0:12  SCV  
  14  0:17  Supply Depot  
  14  0:25  SCV  
  15  0:29  Refinery  
  15  0:39  SCV  
  16  0:46  Barracks  
  16  0:51  SCV  
  17  1:03  SCV  
  18  1:05  Refinery  
  18  1:15  SCV  
  19  1:27  SCV  
  20  1:36  Supply Depot  
  20  1:39  Barracks  
  20  1:42  Orbital Command  
  20  1:47  Barracks Reactor  
  20  1:59  Factory  
  20  2:08  SCV  
  21  2:22  SCV  
  22  2:23  Marine x2  
  22  2:27  Barracks Tech Lab  
  24  2:41  Marine x2  
  26  2:46  Stimpack  
  26  2:47  Starport  
  26  2:49  Factory Reactor  
  26  2:51  Marine  
  26  2:59  Marine x2  
  26  3:00  Supply Depot  
  28  3:08  SCV  
  29  3:18  Marine x2  
  31  3:22  Marine  
  32  3:28  Engineering Bay  
  32  3:35  Supply Depot  
  32  3:36  Medivac  
  32  3:39  Medivac  
  36  3:42  Marine  
  36  3:46  Marine  
  38  3:49  Marine  
  39  3:59  Marine  
  40  4:04  Marine  
  40  4:06  Marine  
  42  4:28  Marine  
  42  4:29  Marine x2  
  45  4:36  Command Center x2  Build when Minerals allow.
Spawning Tool Build Advisor. Get it on Overwolf

Analysis

Note: Replay Shows how to saturate Gas. Note: Save last Scan if you do not want to drop blindly.

Go to:

Details

  • Created by: HiotOfC
  • Published on: Apr 09, 2017
  • Modified on: Apr 09, 2017
  • Patch: 3.8.0
Show
View Real Time Build Order
Export as new Build Order

Comments (0)

There are no comments. Be the first!

Create an account to comment!